Unix NetHack Version 5.0.0-0 post-release - last build May 31 2026 13:37:37 (4f47d67043fb8e84071ad9bc9740482a2de5bd5e,branch:main).

Game began 2026-05-31 13:28:16, ended 2026-05-31 14:31:23.

Japes, lawful female human Valkyrie

    ----                                    ---
   --..|                      -----   -------.--
   |...|                      |...| ---..--....|
   --..---                    |...---.........0|
   --....|---                 |.............----
  --.....--.--                |.......
  |..........|-----    ----  --..
  |-.........--.|^--  --..|---...
  |....--.|........----...|.|...
  --..------.....).............
   ----   |...  ............--
          --...                                   ...
           --..                                .|.......
           --....                  |.----------..-.........
           |......              ..--.|)..[.........|........
         ---..--...           .........----------------..Ge.-
         |...----................---.%-.-----         ----@..
         |..--  --.........)...--- |).......|            #...
         |..|    |..---.|.....--   -----..---            ##.#
         ----    ---- ----.|.--        ----              *#-
                         -----
Japes the Skirmisher        St:18/02 Dx:13 Co:18 In:10 Wi:7 Ch:7  Lawful
Dlvl:5  $:32 HP:0(53) Pw:14(14) AC:4  Xp:5/271 T:1413 

Latest messages:
 You kill the sewer rat!
 You kill the gnome!
 You see here a sewer rat corpse.
 There is a sewer rat corpse here; eat it? [ynq] (n)
 This sewer rat corpse is stringy.
 You finish eating the sewer rat corpse.
 F - 2 red gems.
 You miss the gnome lord.
 The gnome lord swings his crossbow.
 The gnome lord just misses!
 You hit the gnome lord!
 The gnome lord swings his crossbow.
 The gnome lord just misses!
 You miss the gnome lord.
 You kill the gnome lord!
 There is a gnome lord corpse here; eat it? [ynq] (n)
 This gnome lord corpse is stringy.
 A dagger misses you.
 You stop eating the gnome lord corpse.
 There is a partly eaten gnome lord corpse here; eat it? [ynq] (n)
 You resume your meal.
 You finish eating the gnome lord corpse.
 You miss the dwarf.
 The dwarf hits!
 You kill the dwarf!
 G - a cram ration.
 You hit the floating eye!
 You are frozen by the floating eye's gaze!
 The gnome wields 4 daggers!
 The gnome thrusts one of her daggers.
 The gnome hits!
 The gnome thrusts one of her daggers.
 The gnome hits!
 The gnome thrusts one of her daggers.
 The gnome hits!
 The gnome thrusts one of her daggers.
 The gnome hits!
 The gnome thrusts one of her daggers.
 The gnome hits!
 The gnome thrusts one of her daggers.
 The gnome hits!
 The gnome thrusts one of her daggers.
 The gnome hits!
 The gnome thrusts one of her daggers.
 The gnome hits!
 The gnome thrusts one of her daggers.
 The gnome hits!
 You die...
 Do you want your possessions identified? [ynq] (y)
 Do you want to see your attributes? [ynq] (y)

Inventory:
 Coins    ('$')
  $ - 32 gold pieces
 Weapons  (')')
  x - 10 blessed +0 arrows
  y - a +0 bow
  k - 25 +0 darts
  b - 4 +0 daggers (alternate weapons; not wielded)
  t - a blessed +1 knife
  A - a +0 knife
  q - 2 +0 orcish daggers
  o - a corroded +0 long sword (weapon in left hand)
 Armor    ('[')
  m - a blessed +1 orcish helm (being worn)
  r - an uncursed +0 orcish helm
  c - a blessed +3 small shield (being worn)
  p - an uncursed +0 Hawaiian shirt with a flamingo motif (being worn)
 Comestibles  ('%')
  G - an uncursed cram ration
  d - 4 uncursed food rations
  e - an uncursed lichen corpse
 Scrolls  ('?')
  B - an uncursed scroll of identify
 Potions  ('!')
  i - an uncursed potion of healing
 Rings    ('=')
  n - a cursed ring of hunger
 Wands    ('/')
  v - a wand of striking (0:3)
 Tools    ('(')
  g - an uncursed skeleton key
  a - an uncursed tallow candle
  s - an uncursed tin whistle
  D - an uncursed partly used wax candle (lit)
 Gems/Stones  ('*')
  E - an uncursed agate stone
  j - an uncursed amethyst stone
  u - an uncursed fluorite stone
  w - a cursed jade stone
  l - an uncursed worthless piece of blue glass
  F - 2 uncursed worthless pieces of red glass
  f - 4 uncursed worthless pieces of violet glass
  C - 2 uncursed worthless pieces of white glass
  h - an uncursed worthless piece of yellowish brown glass
  z - a cursed touchstone

Japes the Valkyrie's attributes:

Background:
 You were a Skirmisher, a level 5 human Valkyrie.
 You were lawful, on a mission for Tyr
 who was opposed by Odin (neutral) and Loki (chaotic).
 You were left-handed.
 You were in the Gnomish Mines, on level 5.
 You entered the dungeon 1413 turns ago.
 There was a full moon in effect when your adventure ended.
 You had 271 experience points, 49 more were needed to attain level 6.

Basics:
 You had 0 out of 53 hit points.
 You had all 14 energy points (spell power).
 Your armor class was 4.
 Your wallet contained 32 zorkmids.
 Autopickup was on for '$' plus thrown.

Final Characteristics:
 Your strength was 18/02 (limit:18/100).
 Your dexterity was 13 (limit:18).
 Your constitution was 18 (limit:18).
 Your intelligence was 10 (limit:18).
 Your wisdom was 7 (limit:18).
 Your charisma was 7 (limit:18).

Final Status:
 You weren't hungry.
 You were unencumbered.
 You were wielding a long sword.
 You had basic skill with long sword.

Final Attributes:
 You were devoutly aligned.
 You were cold resistant.
 You were stealthy.
 You were fast.
 You were lucky.
 You are dead.

Miscellaneous:
 You didn't encounter any bones levels.
 Total elapsed playing time was 25 minutes and 20 seconds.

Major events:
 Turn
    1: Japes the lawful human Valkyrie entered the dungeon
  287: performed her first genocide (arch-liches)
  582: attained the rank of Skirmisher (level 3)
  828: entered the Gnomish Mines
 1413: killed by a gnome, while frozen by a floating eye's gaze

You didn't know any spells.

Skills:
 Fighting Skills
   bare handed combat [Unskilled]
   two weapon combat  [Unskilled]
   riding             [Unskilled]
 Weapon Skills
   dagger             [Basic]
   axe                [Unskilled]
   pick-axe           [Unskilled]
   short sword        [Unskilled]
   broadsword         [Unskilled]
   long sword         [Basic]
   two-handed sword   [Unskilled]
   saber              [Unskilled]
   hammer             [Unskilled]
   quarterstaff       [Unskilled]
   polearms           [Unskilled]
   spear              [Basic]
   trident            [Unskilled]
   lance              [Unskilled]
   sling              [Unskilled]
 Spellcasting Skills
   attack spells      [Unskilled]
   escape spells      [Unskilled]

Voluntary challenges:
 Character rerolling was not enabled.
 You genocided 1 type of monster.
 You never polymorphed an object.
 You never changed form.
 You used no wishes.
Achievements:
 You entered a shop.
 You attained the rank of Skirmisher.
 You entered the Gnomish Mines.

 The Dungeons of Doom: levels 1 to 4
    Level 1:
       A fountain.
    Level 2:
       A weapon shop.
    Level 3:
       A sink.
       Stairs down to The Gnomish Mines.
    Level 4:
 The Gnomish Mines: levels 4 to 5
    Level 4:
    Level 5: <- You were here.
       Final resting place for
          you, killed by a gnome, while frozen by a floating eye's gaze.


Vanquished creatures:
  3 gnome leaders
  a gnomish wizard
  a little dog
  3 dwarves
  a centipede
 an acid blob
  a hobbit
  2 giant rats
  a yellow mold
  a green mold
 17 gnomes
  a garter snake
  2 jackals
  4 goblins
  4 sewer rats
  a grid bug
  3 lichens
  3 newts
50 creatures vanquished.

Genocided species:
 arch-liches
1 species genocided.

Game over:
                       ----------
                      /          \
                     /    REST    \
                    /      IN      \
                   /     PEACE      \
                  /                  \
                  |      Japes       |
                  |      32 Au       |
                  |   killed by a    |
                  |      gnome       |
                  |                  |
                  |                  |
                  |       2026       |
                 *|     *  *  *      | *
        _________)/\\_//(\/(/\)/\//\/|_)_______

Farvel Japes the Valkyrie...

You died in The Gnomish Mines on dungeon level 5 with 1373 points,
and 32 pieces of gold, after 1413 moves.
You were level 5 with a maximum of 53 hit points when you died.

